 Dungeon Crawl Stone Soup version 0.27.0-1-g7a089689b8 (webtiles) character file.

Game seed: 11440478314758837574

15 sanka the Changer (level 2, 0/14 HPs)
             Began as a Spriggan Transmuter on Aug 6, 2021.
             Frozen to death by an endoplasm (5 damage)
             ... on level 1 of the Dungeon.
             The game lasted 00:01:02 (433 turns).

sanka the Changer (Spriggan Transmuter)              Turns: 433, Time: 00:01:02

Health: 0/14       AC:  2    Str:  6    XL:     2   Next: 34%
Magic:  7/7        EV: 17    Int: 14    God:
Gold:   18         SH:  0    Dex: 15    Spells: 6/7 levels left

rFire    . . .     SeeInvis +     - Unarmed
rCold    . . .     Faith    .   (shield restricted)
rNeg     . . .     Spirit   .   a - +0 robe
rPois    .         Reflect  .   (helmet currently unavailable)
rElec    .         Harm     .   (no cloak)
rCorr    .         Rampage  .   (gloves unavailable)
Will     .....                  (boots unavailable)
Stlth    +.........             (no amulet)
HPRegen  0.04/turn              (no ring)
MPRegen  0.10/turn              (no ring)

@: appendages (expiring), very quick
A: horns 2, talons 2, very small, no large weapons, unfitting armour, see
invisible, speed 3
a: End Transformation


You were on level 1 of the Dungeon.
You had temporarily grown beastly horns and talons.
You visited 1 branch of the dungeon, and saw 1 of its levels.

You collected 18 gold pieces.


Innate Abilities, Weirdness & Mutations

You have temporarily grown beastly horns and talons.
You are very small and have problems with some larger weapons.
You are too small for most types of armour.
You have supernaturally acute eyesight. (SInv)
You cover ground extremely quickly. (Speed+++)


   Skills:
 - Level 0.7 Fighting
 - Level 2.6 Dodging
 - Level 2.4 Unarmed Combat
 - Level 3.0 Spellcasting
 + Level 3.9 Transmutations


You had 6 spell levels left.
You knew the following spells:

 Your Spells              Type           Power      Damage    Failure   Level
z - Beastly Appendage     Tmut           26%        N/A       4%          1

Your spell library contained the following spells:

 Spells                   Type           Power      Damage    Failure   Level
 Wereblood                Tmut           13%        N/A       7%          2
 Spider Form              Tmut/Pois      3%         N/A       28%         3
 Ensorcelled Hibernation  Hex/Ice        4%         N/A       32%         2
 Dazzling Flash           Conj/Hex       4%         N/A       54%         3
 Ice Form                 Ice/Tmut       7%         N/A       67%         4
 Iskenderun's Mystic Bla  Conj/Tloc      2%         2d3       91%         4
 Shadow Creatures         Summ           N/A        N/A       100%        6
 Starburst                Conj/Fire      1%         8x6d3     100%        6

Inventory:

Missiles
 e - 11 poisoned darts
Armour
 a - a +0 robe (worn)
Scrolls
 b - 2 scrolls of identify {unknown}
 c - a scroll of summoning {unknown}
 d - a scroll of teleportation {unknown}

Dungeon Overview and Level Annotations

Branches:
Dungeon (1/15)

Altars:

.....▒...................▒
.J...........(....▒▒▒.▒▒▒▒
................▒..▒▒.▒
................▒▒.▒..▒
................▒▒...▒▒
................▒▒..▒▒
.†......(........▒...▒▒▒
...............▒..▒.......
...............Ji.........
............†..▒▒▒▒▒▒.....▒
.▒▒.▒.▒.▒▒▒....▒ ......
.▒▒.▒...▒▒..▒▒.▒▒▒▒ .....▒
. ▒....▒▒▒........▒ ▒▒▒▒▒.▒
.. ▒▒........▒ ▒...▒
▒▒.▒▒.........▒ ▒.8.▒
..[........▒▒▒▒ ▒...▒
▒..........▒ ▒▒▒+▒▒▒▒▒▒


You could see an endoplasm.


Message History

You barely miss the goblin. You headbutt the goblin.
You kill the goblin!
You hit the rat but do no damage. Your headbutt misses the rat.
The rat completely misses you.
You hit the rat.
The rat is heavily wounded.
Your transformation is almost over.
The rat closely misses you.
You hit the rat.
You kill the rat!
You barely miss the endoplasm.
You headbutt the endoplasm, but do no damage.
The endoplasm barely misses you.
You hit the endoplasm.
The endoplasm is heavily wounded.
The endoplasm hits you.
You hit the endoplasm. Your headbutt misses the endoplasm.
The endoplasm is severely wounded.
The endoplasm freezes you.
You are frozen.
* * * LOW HITPOINT WARNING * * *
You hit the endoplasm but do no damage.
You claw the endoplasm, but do no damage.
The endoplasm is severely wounded.
The endoplasm freezes you.
You are frozen.
You die...

Action                   || total
-------------------------++-------
Melee: Unarmed           ||    35
       Kick              ||     5
       Headbutt          ||     6
       Punch             ||     1
 Cast: Beastly Appendage ||     7
Armor: Robe              ||     1
Dodge: Dodged            ||    25

Levels and vault maps discovered:
D:1:      minmay_arrival_stair_chambers, layout_rooms,
          ebering_ecumenical_altar_box, chequers_serial_rivers_large_a

Notes
Turn   | Place    | Note
-------+----------+-------------------------------------------
     0 | D:1      | sanka the Spriggan Transmuter began the quest for the Orb.
     0 | D:1      | Reached XP level 1. HP: 9/9 MP: 5/5
    39 | D:1      | Reached skill level 3 in Transmutations
    42 | D:1      | Reached skill level 3 in Spellcasting
   322 | D:1      | Reached XP level 2. HP: 14/14 MP: 5/7
   433 | D:1      | Frozen to death by an endoplasm

Vanquished Creatures
  A dart slug (D:1)
  A bat (D:1)
  A giant cockroach (D:1)
  A goblin (D:1)
  A hobgoblin (D:1)
  3 jackals (D:1)
  A ball python (D:1)
  A frilled lizard (D:1)
  2 rats (D:1)
12 creatures vanquished.
